 Dungeon Crawl Stone Soup version 0.22.0-6-g71bd7aa6b3 (webtiles) character file.

30 Htamos the Gusty (level 3, 0/22 HPs)
             Began as a Halfling Air Elementalist on Aug 14, 2018.
             Succumbed to an adder's poison
             ... on level 1 of the Dungeon.
             The game lasted 00:04:10 (1194 turns).

Htamos the Gusty (Halfling Air Elementalist)        Turns: 1194, Time: 00:04:10

Health: 0/22       AC: 10    Str: 10    XL:     3   Next: 37%
Magic:  5/5        EV:  7    Int: 13    God:
Gold:   15         SH:  0    Dex: 14    Spells: 4/5 levels left

rFire    . . .     SeeInvis .   b - -1 dagger (curse)
rCold    . . .     Gourm    .   (shield restricted)
rNeg     . . .     Faith    .   m - +0 chain mail
rPois    .         Spirit   .   (no helmet)
rElec    .         Reflect  .   (no cloak)
rCorr    .         Harm     .   j - +0 pair of gloves (curse)
MR       .....                  d - +0 pair of boots
Stlth    ..........             (no amulet)
HPRegen  0.07/turn              (no ring)
MPRegen  0.09/turn              (no ring)

@: lethally poisoned (0 -> -10)
A: small, mutation resistance 1
a: no special abilities


You were on level 1 of the Dungeon.
You were not hungry.

You visited 1 branch of the dungeon, and saw 2 of its levels.

You collected 15 gold pieces.

Inventory:

Hand Weapons
 b - a cursed -1 dagger (weapon)
 k - a +0 club
Missiles
 n - 4 stones (quivered)
 p - 21 bolts
Armour
 a - a +0 robe
 d - a +0 pair of boots (worn)
 i - a +0 plate armour
 j - a cursed +0 pair of gloves (worn)
 m - a +0 chain mail (worn)
Scrolls
 e - 4 scrolls of identify {unknown}
 g - a scroll of remove curse {unknown}
 l - a scroll of teleportation {unknown}
Comestibles
 c - 3 rations


   Skills:
 + Level 0.3 Fighting
 + Level 0.4 Armour
 + Level 2.8 Dodging
 + Level 2.9 Stealth
 - Level 1.5 Spellcasting
 - Level 0.7 Conjurations
 + Level 3.3 Air Magic


You had 4 spell levels left.
You knew the following spells:

 Your Spells              Type           Power        Failure   Level  Hunger
a - Shock                 Conj/Air       #...         100%        1    ##.....

Your spell library contained the following spells:

 Spells                   Type           Power        Failure   Level  Hunger
 Lightning Bolt           Conj/Air       #.........   100%        5    ######.
 Swiftness                Chrm/Air       #.......     100%        2    ###....
 Airstrike                Air            #.........   100%        4    #####..
 Static Discharge         Conj/Air       #.......     100%        3    ####...


Dungeon Overview and Level Annotations

Branches:
Dungeon (2/15)

Altars:


Innate Abilities, Weirdness & Mutations

You are small and have problems with some larger weapons.
You are somewhat resistant to further mutation.


Message History

You feel sick. The adder closely misses you.
All of the chunks of flesh in your inventory have rotted away.
You hit the adder but do no damage.
The adder is moderately wounded.
The adder bites you.
* * * LOW HITPOINT WARNING * * *
You hit the adder but do no damage.
The adder is moderately wounded.
The adder bites you.
* * * LOW HITPOINT WARNING * * *
The adder barely misses you.
You closely miss the adder.
The adder is moderately wounded.
The adder bites you.
* * * LOW HITPOINT WARNING * * *
You are more poisoned.
The adder poisons you!
You closely miss the adder.
The adder is moderately wounded.
You die...

#..........###...#....
####..##.#.......#....
#..##.####.##......
#######..##.## #.........
#........#.(.######......
#.....##.#........#......
#########....)..S................
....)......(..##S#########.......
################@#####...........
# #.##....####...... # #....####
####### ### ###### ..# ..# ..#
..# ..#


You could see 2 adders.

Vanquished Creatures
  A gnoll (D:1)
  A leopard gecko (D:1)
  4 bats (D:1)
  3 hobgoblins (D:1)
  4 frilled lizards (D:1)
  2 goblins
  5 kobolds (D:1)
  A rat (D:1)
21 creatures vanquished.

Notes
Turn   | Place    | Note
-------+----------+-------------------------------------------
     0 | D:1      | Htamos the Halfling Air Elementalist began the quest for the Orb.
     0 | D:1      | Reached XP level 1. HP: 11/11 MP: 3/3
   231 | D:1      | Reached XP level 2. HP: 10/17 MP: 0/4
   619 | D:1      | Reached XP level 3. HP: 21/21 MP: 5/5
  1193 | D:1      | HP: 1/22 [adder (1)]
  1194 | D:1      | Succumbed to an adder's poison

Action                   || total
-------------------------++-------
Melee: Dagger            ||   116
Throw: Tomahawk          ||     6
       Stone             ||     2
 Cast: Shock             ||    20
  Use: Potion            ||     1
  Eat: Chunk             ||     2
Armor: Plate armour      ||    76
       Robe              ||     4
       Chain mail        ||    32
Dodge: Dodged            ||    53
